 Dungeon Crawl Stone Soup version 0.28-a0-932-g843f935a50 (webtiles) character file.

Game seed: 5983893243797759374

287226 porpoise the Eclecticist (level 19, -8/110 HPs)
             Began as a Deep Elf Conjurer on Nov 28, 2021.
             Was the Champion of Vehumet.
             Killed themself with a badly aimed burst of rock shards (15 damage)
             ... on level 2 of the Vaults.
             The game lasted 04:43:19 (60070 turns).

porpoise the Eclecticist (Deep Elf Conjurer)       Turns: 60070, Time: 04:43:19

Health: -8/110     AC: 10    Str:  9    XL:     19   Next: 85%
Magic:  5/54       EV: 16    Int: 27    God:    Vehumet [******]
Gold:   3358       SH:  5    Dex: 13    Spells: 7/58 levels left

rFire   + + .      SeeInvis .   a - staff of fire
rCold   . . .      Faith    .   G - +0 buckler
rNeg    + . .      Spirit   .   P - +2 robe {Archmagi}
rPois   +          Reflect  .   m - +0 helmet
rElec   .          Harm     .   K - +2 cloak {rPois}
rCorr   .          Rampage  .   h - +1 pair of gloves of Hyoq {rN+}
Will    ++...      Archmagi +   (no boots)
Stlth   +++.......              g - amulet of regeneration
HPRegen 1.08/turn               H - ring of magical power
MPRegen 0.34/turn               l - ring of Hykungu {Fly rF+ Will+ Stlth+}

@: flying, glowing, studying Slings, silenced
A: no striking features
}: 2/15 runes: barnacled, gossamer
a: Renounce Religion


You were on level 2 of the Vaults.
You worshipped Vehumet.
Vehumet was exalted by your worship.
You visited 7 branches of the dungeon, and saw 34 of its levels.
You also visited: Ossuary, Bailey and Gauntlet.

You collected 4080 gold pieces.
You spent 722 gold pieces at shops.

Inventory:

Missiles
 c - 3 atropa-tipped darts
 N - a curare-tipped dart
Armour
 h - the +1 pair of gloves of Hyoq (worn) {rN+}
   (You found it in a Gauntlet)

   rN:        It protects you from negative energy.
 m - a +0 helmet (worn)
 G - a +0 buckler (worn)
 K - a +2 cloak of poison resistance (worn)
 P - a +2 robe of the Archmagi (worn)
Magical Staves
 a - a staff of fire (weapon)
 b - a staff of earth
Jewellery
 g - an amulet of regeneration (around neck)
 l - the ring of Hykungu (right hand) {Fly rF+ Will+ Stlth+}
   (You found it in a Gauntlet)

   [ring of willpower]

   rF:        It protects you from fire.
   Fly:       It grants you flight.
   Will:      It increases your willpower.
   Stlth:     It makes you more stealthy.
 z - a ring of see invisible
 H - a ring of magical power (left hand)
 L - a ring of protection from cold
Wands
 e - a wand of iceblast (66)
 i - a wand of acid (18)
 q - a wand of flame (92)
 x - a wand of polymorph (8)
 y - a wand of charming (12)
 J - a wand of paralysis (36)
 M - a wand of digging (6)
Scrolls
 d - 7 scrolls of teleportation
 f - 4 scrolls of fear
 p - a scroll of silence
 s - 2 scrolls of summoning
 A - 15 scrolls of identify
 D - 6 scrolls of magic mapping
 F - 4 scrolls of holy word
 Q - 4 scrolls of vulnerability
 S - 4 scrolls of fog
Potions
 n - 2 potions of ambrosia
 o - 3 potions of heal wounds
 r - 12 potions of curing
 w - 4 potions of attraction
 B - 6 potions of haste
 C - 2 potions of magic
 E - 2 potions of lignification
 O - a potion of cancellation
Miscellaneous
 j - a box of beasts
 v - a condenser vane
 T - a tin of tremorstones (2/2)


   Skills:
 - Level 9.0 Fighting
 + Level 9.0 Dodging
 - Level 12.0 Stealth
 - Level 4.0 Shields
 - Level 20.0 Spellcasting
 - Level 16.0 Conjurations
 - Level 14.0 Hexes
 - Level 5.0 Summonings
 - Level 12.0 Necromancy
 - Level 7.0 Translocations
 - Level 9.0 Transmutations
 + Level 14.0 Fire Magic
 - Level 14.0 Earth Magic
 - Level 9.0 Evocations


You had 7 spell levels left.
You knew the following spells:

 Your Spells              Type           Power      Damage    Failure   Level
a - Sublimation of Blood  Necr           95%        N/A       0%          2
c - Fulminant Prism       Conj/Hex       52%        3d23      1%          4
d - Iskenderun's Mystic   Conj/Tloc      93%        2d18      1%          4
e - Iron Shot             Conj/Erth      52%        9d10      1%          6
f - Fireball              Conj/Fire      63%        3d24      1%          5
g - Summon Guardian Gole  Hex/Summ       87%        N/A       1%          3
k - Blink                 Tloc           100%       N/A       1%          2
l - Lee's Rapid Deconstr  Erth           50%        3d25*     1%          5
o - Orb of Destruction    Conj           53%        9d16      1%          7
r - Irradiate             Conj/Tmut      48%        3d29      1%          5
s - Stone Arrow           Conj/Erth      100%       3d13      0%          3
v - Borgnjor's Vile Clut  Necr/Erth      49%        N/A       1%          5

Your spell library contained the following spells:

 Spells                   Type           Power      Damage    Failure   Level
 Fire Storm               Conj/Fire      63%        8d16      58%         9
 Shatter                  Erth           50%        3d38*     73%         9
 Chain Lightning          Conj/Air       40%        3d54      100%        9
 Animate Skeleton         Necr           100%       N/A       0%          1
 Magic Dart               Conj           100%       1d8       0%          1
 Pain                     Necr           100%       1d9       0%          1
 Slow                     Hex            100%       N/A       0%          1
 Searing Ray              Conj           100%       2d8       0%          2
 Confusing Touch          Hex            100%       N/A       0%          3
 Dazzling Flash           Conj/Hex       100%       N/A       0%          3
 Inner Flame              Hex/Fire       100%       N/A       0%          3
 Tukima's Dance           Hex            100%       N/A       0%          3
 Beastly Appendage        Tmut           100%       N/A       1%          1
 Summon Small Mammal      Summ           100%       N/A       1%          1
 Call Imp                 Summ           69%        N/A       1%          2
 Ensorcelled Hibernation  Hex/Ice        100%       N/A       1%          2
 Wereblood                Tmut           85%        N/A       1%          2
 Call Canine Familiar     Summ           69%        N/A       1%          3
 Lesser Beckoning         Tloc           77%        N/A       1%          3
 Mephitic Cloud           Conj/Pois/Air  70%        N/A       1%          3
 Portal Projectile        Hex/Tloc       100%       N/A       1%          3
 Spider Form              Tmut/Pois      67%        N/A       1%          3
 Vampiric Draining        Necr           95%        2d12      1%          3
 Animate Armour           Summ/Erth      100%       N/A       1%          4
 Animate Dead             Necr           47%        N/A       1%          4
 Cause Fear               Hex            50%        N/A       1%          4
 Leda's Liquefaction      Hex/Erth       50%        N/A       1%          4
 Agony                    Necr           95%        N/A       1%          5
 Blade Hands              Tmut           42%        N/A       1%          5
 Excruciating Wounds      Necr           47%        N/A       1%          5
 Summon Mana Viper        Hex/Summ       87%        N/A       1%          5
 Yara's Violent Unravell  Hex/Tmut       46%        3d18      1%          5
 Death Channel            Necr           47%        N/A       1%          6
 Statue Form              Tmut/Erth      62%        N/A       1%          6
 Manifold Assault         Tloc           77%        N/A       2%          5
 Spellforged Servitor     Conj/Summ      45%        N/A       4%          7
 Summon Ice Beast         Ice/Summ       57%        N/A       5%          4
 Summon Lightning Spire   Summ/Air       57%        N/A       5%          4
 Alistair's Intoxication  Tmut/Pois      44%        N/A       7%          5
 Eringya's Noxious Bog    Tmut/Pois      33%        N/A       11%         6
 Dragon Form              Tmut           42%        N/A       32%         7
 Malign Gateway           Summ/Tloc      36%        N/A       73%         7
 Monstrous Menagerie      Summ           34%        N/A       86%         7
 Storm Form               Tmut/Air       33%        N/A       90%         7
 Lehudib's Crystal Spear  Conj/Erth      52%        10d12     6%          8
 Discord                  Hex            50%        N/A       32%         8
 Borgnjor's Revivificati  Necr           47%        N/A       58%         8
 Disjunction              Tloc           38%        N/A       99%         8
 Maxwell's Capacitive Co  Air            20%        ∞         100%        8
 Summon Horrible Things   Summ           34%        N/A       100%        8


Dungeon Overview and Level Annotations

Branches:
Dungeon (15/15)            Temple (1/1) D:6            Lair (6/6) D:10
 Shoals (4/4) Lair:3       Spider (4/4) Lair:4        Slime (0/5) Lair:5
    Orc (2/2) D:11            Elf (0/3) Orc:2        Vaults (2/5) D:14
 Depths (0/4) D:15        Ossuary (visited)          Bailey (visited)
Gauntlet (visited)
  Crypt: Vaults:2-3

Altars:
Cheibriados
Dithmenos
Qazlal
Vehumet
Wu Jian
Zin
Lugonu

Shops:
D:8 ![   D:14 [   Orc:2 :**[(   Shoals:3 [   Vaults:1 [

Portals:
Abyss: D:8

Annotations:
Vaults:2 Mennas


Message History

You feel a surge of power!
Mennas blocks the iron shot.
The zombie hands constrict Mennas!
Mennas gestures frantically.
You easily resist.
Casting: Iron Shot (mildly dangerous; 1% risk of failure)
Confirm with . or Enter, or press ? or * to list all spells.
Aiming: Iron Shot (mildly dangerous; 1% risk of failure)
Press: ? - help, Shift-Dir - straight line, f/p - Mennas
Aim: Mennas, wielding a +1 eudemon blade of holy wrath and wearing a +0 tower shield (heavily wounded, constricted by zombie hands, haloed, 94% to hit)
You feel a surge of power!
Mennas blocks the iron shot.
The zombie hands constrict Mennas!!
Mennas misses you.
Mennas hits you with a +1 eudemon blade of holy wrath!
* * * LOW HITPOINT WARNING * * *
Mennas gestures at you.
Mennas gestures frantically.
You resist with some effort.
Okay, then.
Unknown command.
Unknown command.
You feel much better.
The zombie hands constrict Mennas!
Mennas gestures frantically.
Mennas is healed somewhat.
Casting: Iron Shot (mildly dangerous; 1% risk of failure)
Confirm with . or Enter, or press ? or * to list all spells.
Aiming: Iron Shot (mildly dangerous; 1% risk of failure)
Press: ? - help, Shift-Dir - straight line, f/p - Mennas
Aim: Mennas, wielding a +1 eudemon blade of holy wrath and wearing a +0 tower shield (heavily wounded, constricted by zombie hands, haloed, 94% to hit)
You feel a surge of power!
Mennas blocks the iron shot.
The zombie hands constrict Mennas!
Mennas gestures frantically.
Mennas's surroundings become eerily quiet.
Mennas hits you with a +1 eudemon blade of holy wrath!
* * * LOW HITPOINT WARNING * * *
Mennas hits you with a +1 eudemon blade of holy wrath!
* * * LOW HITPOINT WARNING * * *
You cannot cast spells when silenced!
The tremorstone explodes into fragments!
The burst of rock shards engulfs the slime creature!!
The burst of rock shards engulfs Mennas!
The burst of rock shards engulfs you!
You die...

### #####..
..... .J.
##A## #.@.#
#...# ###'#
#####.#####
#...#.#...#
#..#.#..##
#.......#
##.....##
#.....#


You could see Mennas (silencing, clutched) and a slime creature.

Vanquished Creatures
  Jory (Vaults:2)
  Arachne (Spider:2)
  Jorgrun (D:13)
  Asterion (Spider:2)
  Rupert (Lair:5)
  Polyphemus (Shoals:3)
  A kraken (Shoals:4)
  Kirke (Shoals:3)
  Ilsuiw (Shoals:2)
  Roxanne (Shoals:2)
  A fenstrider witch (Shoals:2)
  2 frost giants
  Louise (Shoals:3)
  2 orc warlords
  4 vault wardens
  5 emperor scorpions
  6 ghost moths
  Aizul (Shoals:2)
  7 ironbound preservers
  4 very ugly things (Vaults:2)
  Azrael (D:15)
  7 entropy weavers
  8 dire elephants
  A minotaur (Gauntlet)
  The ghost of Wadghoppo the Archer, a journeyman MiHu of Okawaru (Lair:4)
  3 crystal guardians
  8 yaktaur captains
  5 merfolk javelineers
  The ghost of Oloablim the Stormcaller, a journeyman OpWn of Sif Muna (Lair:6)
  10 merfolk impalers
  Erolcha (Orc:1)
  2 peacekeepers
  The ghost of Ruiv the Basher, a journeyman GrDe of Uskayaw (Lair:2)
  5 ironbound thunderhulks
  Fannar (Orc:1)
  14 hydras
  11 boulder beetles
  8 vault guards (D:14)
  An ogre mage (D:15)
  5 ironbound frosthearts
  4 catoblepae
  16 centaur warriors
  A ghost crab (Gauntlet)
  An alligator snapping turtle (Shoals:4)
  5 merfolk avatars
  6 merfolk aquamancers
  2 satyrs
  A deep troll earth mage (Vaults:1)
  11 death yaks
  5 two-headed ogres
  3 tengu warriors (D:15)
  Urug (Orc:1)
  3 orc high priests (Orc:2)
  A shadow wraith (D:15)
  2 spriggans (Lair:2)
  23 sea snakes
  5 skeletal warriors
  3 lindwurms (Vaults:1)
  A kraken simulacrum (Shoals:4)
  5 wizards
  6 ironbound convokers
  23 harpies
  11 deep trolls
  An orb spider (shapeshifter) (D:14)
  2 deep elf pyromancers
  A necromancer (D:15)
  22 orb spiders
  10 orc knights
  8 orc sorcerers
  6 fauns
  Pikel (D:5)
  38 wolf spiders
  6 ugly things
  6 cyclopes
  4 oklob plants (Lair:5)
  17 manticores
  A manticore (shapeshifter) (D:13)
  4 black mambas
  10 merfolk sirens
  4 moths of wrath
  3 elephants (Lair:6)
  An ice statue (Lair:5)
  Maurice (Orc:1)
  7 vault sentinels
  4 water nymphs
  14 cane toads
  3 torpor snails
  2 efreet (D:15)
  Psyche (D:10)
  4 komodo dragons
  12 yaktaurs
  A rime drake (Lair:6)
  9 demonic crawlers
  2 freezing wraiths
  5 polar bears
  59 jumping spiders
  A queen bee (Lair:6)
  6 trolls
  7 meliai
  7 wind drakes
  26 merfolk
  A wolf spider simulacrum (D:15)
  11 hornets
  Grinder (D:3)
  9 slime creatures
  12 snapping turtles
  12 blink frogs
  4 dream sheep (Shoals:4)
  A wind drake (shapeshifter) (Vaults:2)
  A shadow (D:13)
  7 water elementals
  104 redbacks
  23 tarantellas
  4 wyverns
  2 wraiths
  A hog (shapeshifter) (D:14)
  3 hogs (Shoals:3)
  5 steam dragons
  29 yaks
  A human (Shoals:3)
  4 fire elementals (D:15)
  8 basilisks
  5 vampire mosquitoes
  3 wargs (Orc:2)
  3 acid dragons
  10 water moccasins
  2 hell hounds (D:15)
  35 orc warriors
  2 black bears (Lair:2)
  10 ice beasts
  11 ogres
  8 centaurs
  7 boggarts
  42 wolves
  2 lemures (D:5)
  2 kobold brigands
  17 bullfrogs
  2 elf zombies (Ossuary)
  3 gnoll sergeants
  A scorpion (D:10)
  A water moccasin zombie (D:6)
  11 killer bees
  3 electric eels
  6 howler monkeys
  3 centaur zombies
  A bullfrog zombie (D:6)
  3 human zombies (Ossuary)
  A bullfrog skeleton (D:6)
  4 hounds
  A centaur skeleton (D:7)
  3 gnoll shamans
  11 orc priests
  Ijyb (D:3)
  An iguana (D:6)
  Natasha (thrice) (D:3)
  18 orc wizards
  12 hell rats (Lair:6)
  A hound zombie (D:5)
  4 mummies
  2 howler monkey zombies
  26 gnolls
  4 adders
  4 white imps (Lair:5)
  2 ufetubi
  A worm (D:4)
  3 dart slugs
  49 orcs
  4 ball pythons
  2 bats
  2 endoplasms
  A giant cockroach (D:1)
  5 hobgoblins
  3 jackals (D:4)
  27 kobolds
  2 quokkas (D:1)
  3 frilled lizards
  11 goblins
  A goblin zombie (Ossuary)
  10 hobgoblin zombies (Ossuary)
  A jackal zombie (Ossuary)
  10 kobold zombies (Ossuary)
  7 orc zombies (Ossuary)
  3 rats
  2 rat zombies (Ossuary)
  A fulminant prism (Shoals:3)
  2 lurking horrors (D:8)
  4 tentacles (Shoals:4)
1280 creatures vanquished.

Vanquished Creatures (others)
  A human (Shoals:3)
  163 fulminant prisms
  67 fungi
  189 plants
  4 tentacles (Shoals:4)
  15 withered plants
439 creatures vanquished.

Grand Total: 1719 creatures vanquished

Notes
Turn   | Place    | Note
-------+----------+-------------------------------------------
     0 | D:1      | porpoise the Deep Elf Conjurer began the quest for the Orb.
     0 | D:1      | Reached XP level 1. HP: 10/10 MP: 6/6
   253 | D:1      | Found a faded altar of an unknown god.
   360 | D:1      | Reached XP level 2. HP: 15/15 MP: 2/8
   419 | D:1      | Learned a level 2 spell: Searing Ray
  1168 | D:2      | Reached skill level 4 in Spellcasting
  1359 | D:2      | Reached skill level 5 in Conjurations
  1359 | D:2      | Reached XP level 3. HP: 19/19 MP: 6/10
  1746 | D:3      | Noticed a bullfrog
  1751 | D:3      | Killed a bullfrog
  1752 | D:3      | Reached skill level 5 in Spellcasting
  1752 | D:3      | Reached XP level 4. HP: 24/24 MP: 3/13
  1930 | D:3      | Learned a level 4 spell: Fulminant Prism
  1935 | D:3      | Learned a level 4 spell: Iskenderun's Mystic Blast
  2021 | D:3      | Noticed Natasha
  2031 | D:3      | Killed Natasha
  2032 | D:3      | Reached skill level 1 in Hexes
  2052 | D:3      | Noticed Natasha
  2057 | D:3      | Killed Natasha
  2058 | D:3      | Reached XP level 5. HP: 25/28 MP: 5/15
  2239 | D:3      | Noticed Grinder
  2239 | D:3      | Paralysed by Grinder for 7 turns
  2250 | D:3      | Killed Grinder
  2251 | D:3      | Reached skill level 6 in Spellcasting
  2251 | D:3      | Reached XP level 6. HP: 32/32 MP: 8/17
  2496 | D:3      | Noticed Ijyb
  2513 | D:3      | Killed Ijyb
  2593 | D:3      | Noticed Natasha
  2596 | D:3      | Killed Natasha
  3042 | D:4      | Reached skill level 7 in Spellcasting
  3373 | D:4      | Reached skill level 5 in Hexes
  3373 | D:4      | Reached XP level 7. HP: 34/36 MP: 13/19
  3960 | D:5      | Entered Level 5 of the Dungeon
  4547 | D:5      | Noticed Pikel
  4553 | D:5      | Killed Pikel
  4554 | D:5      | Reached skill level 5 in Translocations
  4554 | D:5      | Reached XP level 8. HP: 41/41 MP: 9/21
  5177 | D:6      | Reached skill level 8 in Spellcasting
  5524 | D:6      | Reached skill level 1 in Fighting
  5677 | D:6      | Reached skill level 9 in Spellcasting
  5681 | D:6      | Reached XP level 9. HP: 29/48 MP: 10/24
  6144 | D:6      | Reached skill level 5 in Stealth
  6312 | D:6      | Found a staircase to the Ecumenical Temple.
  6318 | Temple   | Entered the Ecumenical Temple
  6371 | Temple   | Became a worshipper of Vehumet
  6564 | D:7      | Found a sand-covered staircase.
  6615 | Ossuary  | Entered an ossuary
  6963 | Ossuary  | Reached * piety under Vehumet
  6963 | Ossuary  | Offered knowledge of Shock by Vehumet.
  7666 | D:7      | Reached skill level 10 in Spellcasting
  8094 | D:7      | Noticed a two-headed ogre
  8100 | D:7      | Killed a two-headed ogre
  8519 | D:8      | Reached skill level 11 in Spellcasting
  8570 | D:8      | Learned a level 5 spell: Borgnjor's Vile Clutch
  8610 | D:8      | Offered knowledge of Static Discharge by Vehumet.
  8611 | D:8      | Reached skill level 1 in Shields
  9004 | D:8      | Found Hasm's Armour Boutique.
  9120 | D:8      | Bought a +2 cloak of poison resistance for 296 gold pieces
  9202 | D:8      | Noticed a cyclops
  9211 | D:8      | Killed a cyclops
  9212 | D:8      | Reached XP level 10. HP: 56/56 MP: 16/27
  9320 | D:8      | Found a one-way gate to the infinite horrors of the Abyss.
  9320 | D:8      | Found a corrupted altar of Lugonu.
  9324 | D:8      | Found Xosh's Distillery.
  9327 | D:8      | Bought a potion of heal wounds for 70 gold pieces
  9327 | D:8      | Bought a potion of invisibility for 112 gold pieces
  9594 | D:8      | Found a snail-covered altar of Cheibriados.
  9596 | D:8      | Found a shadowy altar of Dithmenos.
  9737 | D:8      | Reached ** piety under Vehumet
  9881 | D:9      | Reached skill level 1 in Evocations
 10315 | D:9      | Reached skill level 12 in Spellcasting
 11269 | D:10     | Entered Level 10 of the Dungeon
 11429 | D:10     | Found a flagged portal.
 11439 | D:10     | Offered knowledge of Frozen Ramparts by Vehumet.
 11469 | Bailey   | Entered a bailey
 11496 | Bailey   | Noticed an orc knight
 11519 | Bailey   | Killed an orc knight
 11699 | Bailey   | Noticed an orc knight
 11762 | Bailey   | Reached *** piety under Vehumet
 11897 | Bailey   | Killed an orc knight
 11898 | Bailey   | Reached skill level 5 in Fighting
 12194 | Bailey   | Offered knowledge of Airstrike by Vehumet.
 12367 | D:10     | Noticed Psyche
 12370 | D:10     | Killed Psyche
 12371 | D:10     | Reached skill level 1 in Necromancy
 12853 | D:10     | Found a staircase to the Lair.
 13040 | D:10     | Reached XP level 11. HP: 53/63 MP: 23/29
 13072 | D:10     | Noticed a two-headed ogre
 13076 | D:10     | Killed a two-headed ogre
 13077 | D:10     | Reached skill level 5 in Evocations
 13882 | Lair:1   | Entered Level 1 of the Lair of Beasts
 14308 | Lair:1   | Noticed an eight-headed hydra
 14320 | Lair:1   | Killed an eight-headed hydra
 14321 | Lair:1   | Reached skill level 5 in Dodging
 14940 | Lair:1   | Reached skill level 5 in Necromancy
 15190 | Lair:2   | Reached skill level 1 in Earth Magic
 15288 | Lair:2   | Found a gate leading to a gauntlet.
 15296 | Gauntlet | Entered a Gauntlet
 15296 | Gauntlet | Found a transporter.
 15419 | Gauntlet | Noticed an eight-headed hydra
 15431 | Gauntlet | Found a transporter.
 15435 | Gauntlet | Noticed a death scarab
 15446 | Gauntlet | Noticed a death scarab
 15449 | Gauntlet | Found a transporter.
 15452 | Gauntlet | Found a transporter.
 15461 | Gauntlet | Noticed a death scarab
 15473 | Gauntlet | Found a transporter.
 15486 | Gauntlet | Found a transporter.
 15488 | Gauntlet | Noticed a death scarab
 15489 | Gauntlet | Noticed a ghost crab
 15494 | Gauntlet | Found a transporter.
 15498 | Gauntlet | Found a transporter.
 15523 | Gauntlet | Noticed a hell hog
 15527 | Gauntlet | Found a transporter.
 15556 | Gauntlet | Found a transporter.
 15556 | Gauntlet | Found a transporter.
 15561 | Gauntlet | Found a transporter.
 15705 | Gauntlet | Killed an eight-headed hydra
 15824 | Gauntlet | Identified the +1 pair of gloves of Hyoq {rN+}
 15853 | Gauntlet | Killed a ghost crab
 15952 | Gauntlet | Identified the ring of Hykungu {Fly rF+ Will+ Stlth+}
 15963 | Gauntlet | Noticed a minotaur
 15979 | Gauntlet | Killed a minotaur
 16242 | Lair:2   | Reached skill level 5 in Earth Magic
 16407 | Lair:2   | Noticed a death yak
 16415 | Lair:2   | Noticed a death yak
 16762 | Lair:2   | Reached **** piety under Vehumet
 16818 | Lair:2   | Reached XP level 12. HP: 68/68 MP: 23/30
 17037 | Lair:2   | Offered knowledge of Fireball by Vehumet.
 17044 | Lair:2   | Learned a level 5 spell: Fireball
 17136 | Lair:2   | Killed a death yak
 17136 | Lair:2   | Killed a death yak
 17137 | Lair:2   | Reached skill level 1 in Fire Magic
 17287 | Lair:2   | Found a runed translucent door.
 17288 | Lair:2   | Identified the +0 trident of Imbalance {antimagic, rF+}
 17289 | Lair:2   | Noticed Ruiv's ghost (journeyman GrDe)
 17342 | Lair:2   | Learned a level 3 spell: Stone Arrow
 17873 | Lair:2   | Killed Ruiv's ghost
 18181 | Lair:3   | Noticed a six-headed hydra
 18189 | Lair:3   | Killed a six-headed hydra
 18191 | Lair:3   | Noticed a six-headed hydra
 18301 | Lair:3   | Killed a six-headed hydra
 18302 | Lair:3   | Reached skill level 5 in Fire Magic
 18594 | Lair:3   | Noticed a seven-headed hydra
 18597 | Lair:3   | Killed a seven-headed hydra
 19262 | Lair:3   | Found a staircase to the Shoals.
 19458 | Lair:4   | Noticed a seven-headed hydra
 19467 | Lair:4   | Killed a seven-headed hydra
 19863 | Lair:4   | Noticed a death yak
 19912 | Lair:4   | Killed a death yak
 20017 | Lair:4   | Reached XP level 13. HP: 73/76 MP: 21/31
 20272 | Lair:4   | Found a transporter.
 20276 | Lair:4   | Noticed Wadghoppo's ghost (journeyman MiHu)
 20286 | Lair:4   | Learned a level 6 spell: Iron Shot
 20313 | Lair:4   | Reached ***** piety under Vehumet
 20313 | Lair:4   | Offered knowledge of Starburst by Vehumet.
 20396 | Lair:4   | Found a transporter.
 20707 | Lair:4   | Learned a level 2 spell: Blink
 21018 | Lair:4   | Found a hole to the Spider Nest.
 21818 | Lair:4   | Killed Wadghoppo's ghost
 22494 | Lair:5   | Found the +15 Maxwell's patent armour {-Cast -Tele rElec
                  | Will+ rCorr}
 22851 | Lair:5   | Found a staircase to the Slime Pits.
 22851 | Lair:5   | Noticed Rupert
 22866 | Lair:5   | Killed Rupert
 23232 | Lair:5   | Reached skill level 10 in Hexes
 23279 | Lair:5   | Identified the ring of Circularity {AC+4 Int+4}
 24085 | D:11     | Found a staircase to the Orcish Mines.
 24235 | D:11     | Reached skill level 13 in Spellcasting
 24909 | D:8      | Bought a potion of magic for 112 gold pieces
 24909 | D:8      | Bought a potion of lignification for 42 gold pieces
 26204 | D:13     | Noticed Jorgrun
 26209 | D:13     | Killed Jorgrun
 26342 | D:13     | Reached skill level 14 in Spellcasting
 26508 | D:13     | Reached XP level 14. HP: 82/82 MP: 13/34
 27948 | D:14     | Reached skill level 10 in Conjurations
 28380 | D:14     | Identified the +1 ring mail of Dile {rC+ MP+9}
 28600 | D:14     | Found a gate to the Vaults.
 29236 | D:14     | Found an ornate altar of the Wu Jian Council.
 29270 | D:14     | Offered knowledge of Olgreb's Toxic Radiance by Vehumet.
 29277 | D:14     | Learned a level 5 spell: Irradiate
 29675 | D:14     | Found Boevoan's Armour Emporium.
 29704 | D:15     | Entered Level 15 of the Dungeon
 29707 | D:15     | Reached skill level 1 in Transmutations
 30227 | D:15     | Noticed Azrael
 30236 | D:15     | Killed Azrael
 30810 | D:15     | Noticed a frost giant
 30815 | D:15     | Killed a frost giant
 30816 | D:15     | Reached skill level 5 in Transmutations
 30947 | D:15     | Found a staircase to the Depths.
 31253 | D:15     | Reached XP level 15. HP: 86/86 MP: 19/35
 31648 | Lair:6   | Entered Level 6 of the Lair of Beasts
 32709 | Lair:6   | Got the Catalogue of Quantum Conjuration
 32768 | Lair:6   | Noticed Oloablim's ghost (journeyman OpWn)
 32839 | Lair:6   | Found a transporter.
 32983 | Lair:6   | Found a transporter.
 33068 | Lair:6   | Offered knowledge of Conjure Ball Lightning by Vehumet.
 33509 | Lair:6   | Reached skill level 10 in Fire Magic
 34071 | Lair:6   | Killed Oloablim's ghost
 34502 | Orc:1    | Entered Level 1 of the Orcish Mines
 34502 | Orc:1    | Noticed Urug
 34502 | Orc:1    | Noticed Erolcha
 34502 | Orc:1    | Noticed Maurice
 34507 | Orc:1    | Killed Urug
 34593 | Orc:1    | Killed Erolcha
 34709 | Orc:1    | Killed Maurice
 34816 | Orc:1    | Offered knowledge of Orb of Destruction by Vehumet.
 34818 | Orc:1    | Noticed Fannar
 35024 | Lair:1   | Learned a level 7 spell: Orb of Destruction
 35077 | Orc:1    | Killed Fannar
 35698 | Orc:2    | Entered Level 2 of the Orcish Mines
 35871 | Orc:2    | Noticed an orc warlord
 36120 | Orc:2    | Found Dain's General Store.
 36305 | Orc:2    | Reached skill level 15 in Spellcasting
 36776 | Orc:2    | Killed an orc warlord
 36986 | Orc:2    | Reached skill level 16 in Spellcasting
 37286 | Orc:2    | Found Duad's General Store.
 37318 | Orc:2    | Bought a potion of heal wounds for 90 gold pieces
 37428 | Orc:2    | Found Xoetosh's Antique Weapon Shoppe.
 37452 | Orc:2    | Found a staircase to the Elven Halls.
 37583 | Orc:2    | Found Vufocoy's Book Shop.
 37607 | Orc:2    | Found Ullin's Antique Armour Shop.
 38008 | Spider:1 | Entered Level 1 of the Spider Nest
 38027 | Spider:1 | Reached XP level 16. HP: 92/92 MP: 21/38
 38247 | Spider:1 | Offered knowledge of Lightning Bolt by Vehumet.
 38455 | Spider:1 | Identified the +2 long sword "Newt's Funeral" {drain, rC++
                  | MP-9}
 38501 | Spider:1 | Reached skill level 10 in Earth Magic
 39298 | Spider:1 | Identified the +1 scale mail of Catatonia {Regen+ Str+2
                  | Dex-2 Slay+2}
 39364 | Spider:1 | Identified the +0 scale mail of the Serpent {rF+ Int+5
                  | Slay+3}
 40421 | Spider:2 | Identified the +0 chain mail "Henkigytz" {Dex+5}
 40881 | Spider:2 | Noticed Arachne
 40888 | Spider:2 | Killed Arachne
 41679 | Spider:3 | Noticed Asterion
 41684 | Spider:2 | Killed Asterion
 41882 | Spider:3 | Reached ****** piety under Vehumet
 41899 | Spider:2 | Offered knowledge of Iskenderun's Battlesphere by Vehumet.
 42405 | Spider:3 | Reached XP level 17. HP: 96/96 MP: 26/39
 43777 | Spider:3 | Learned a level 3 spell: Summon Guardian Golem
 43811 | Spider:4 | Entered Level 4 of the Spider Nest
 43916 | Spider:4 | Reached skill level 1 in Summonings
 44705 | Spider:4 | Offered knowledge of Ignition by Vehumet.
 45367 | Spider:4 | Reached skill level 5 in Summonings
 47388 | Spider:4 | Got a gossamer rune of Zot
 47771 | Shoals:1 | Entered Level 1 of the Shoals
 48184 | Shoals:1 | Reached skill level 17 in Spellcasting
 49667 | Shoals:2 | Noticed Aizul
 49672 | Shoals:2 | Killed Aizul
 50434 | Shoals:2 | Offered knowledge of Fire Storm by Vehumet.
 50434 | Shoals:2 | Offered knowledge of Shatter by Vehumet.
 50434 | Shoals:2 | Offered knowledge of Chain Lightning by Vehumet.
 50435 | Shoals:2 | Reached XP level 18. HP: 65/104 MP: 26/41
 50724 | Shoals:2 | Reached skill level 18 in Spellcasting
 50823 | Shoals:2 | Noticed Ilsuiw
 50835 | Shoals:2 | Killed Ilsuiw
 51058 | Shoals:2 | Noticed Roxanne
 51069 | Shoals:2 | Killed Roxanne
 51298 | Shoals:2 | Learned a level 5 spell: Lee's Rapid Deconstruction
 51882 | Shoals:3 | Found Gimp's Armour Shop.
 51884 | Shoals:3 | Noticed Louise
 51891 | Shoals:3 | Killed Louise
 52216 | Shoals:3 | Noticed Polyphemus
 52224 | Shoals:3 | Killed Polyphemus
 52927 | Shoals:3 | Noticed Kirke
 52931 | Shoals:3 | Killed Kirke
 53198 | Shoals:3 | Reached skill level 15 in Conjurations
 53394 | Shoals:4 | Entered Level 4 of the Shoals
 54400 | Shoals:4 | Got the Collected Works on Stolen Souls
 54404 | Shoals:4 | Learned a level 2 spell: Sublimation of Blood
 55199 | Shoals:4 | Reached skill level 19 in Spellcasting
 56004 | Shoals:4 | Got a barnacled rune of Zot
 56801 | Vaults:1 | Entered Level 1 of the Vaults
 56902 | Vaults:1 | Reached skill level 20 in Spellcasting
 57194 | Vaults:1 | Reached XP level 19. HP: 110/110 MP: 37/45
 57199 | Vaults:1 | Reached skill level 10 in Necromancy
 57202 | Vaults:1 | Reached skill level 10 in Stealth
 58085 | Vaults:1 | Found Askybaakk's Armour Shoppe.
 59732 | Vaults:2 | Noticed Jory
 59742 | Vaults:2 | Killed Jory
 60061 | Vaults:2 | Noticed Mennas
 60070 | Vaults:2 | Killed themself with a badly aimed burst of rock shards

Illustrated notes

Levels and vault maps discovered:
D:1:      saegor_arrival_simple_b, layout_loops_ring, basic_ecumenical_altar
D:2:      layout_loops_cross
D:3:      layout_loops_ring, uniq_ijyb, uniq_natasha, uniq_grinder
D:4:      layout_rooms
D:5:      layout_rooms, kennysheep_flooded_box, uniq_pikel
D:6:      layout_gridville, minmay_temple_entry_enclosed_plants
D:7:      layout_basic, gup_ossuary_entry_pyramid
D:8:      layout_basic, grunt_temple_overflow_open, serial_shops,
          kennysheep_mini, minmay_shop_grid_forest,
          amcnicky_altar_lugonu_corruption
D:9:      layout_loops_corners
D:10:     layout_stronghold, grunt_lair_entry_orc_guard_hut, enter_bailey_4,
          uniq_psyche
D:11:     layout_rooms, orc_0_dummy, serial_undead, serial_undead_b,
          serial_undead_a, serial_undead_b, serial_undead_b
D:12:     layout_basic
D:13:     layout_layer_cave, uniq_jorgrun
D:14:     layout_grid_maze, erik_vaults_2, serial_shops, shop,
          minmay_misc_feat_rugged, nicolae_wu_jian_immortal_techniques
D:15:     grunt_enter_depths_snipers, layout_rooms, corexii_leaking_fountain,
          minmay_hollow_rounded_squares, uniq_azrael
Temple:   mainiacjoe_temple_big_plus
Lair:1:   layout_regular_city
Lair:2:   layout_cave_pods, ebering_ghost_funeral_grove, gauntlet_entry_generic,
          grunt_forest_stairs_basic, serial_bayou_pond_e, beast_lair_carwin_7
Lair:3:   layout_concentric_octagons, minmay_shoals_entry_lonely_mermaid,
          grunt_megastairs_5
Lair:4:   layout_cave_pods, spider_nest_entry_webs, gammafunk_ghost_arena,
          chequers_serial_rivers_room_b, grunt_forest_large_clearings
Lair:5:   layout_cave_pods, minmay_slime_entry_oklob_open,
          chequers_serial_rivers_large_a, ice2_lemuel, lemuel_fruit_fields,
          serial_bayou_shore_b, uniq_rupert
Lair:6:   evilmike_catoblepas_cave, layout_long_grid, gammafunk_ghost_hive,
          minmay_hedge_maze
Shoals:1: cheibrodos_shoals_three_sisters, layout_shoals
Shoals:2: layout_shoals, nicolae_shoals_beach_house_on_fowls_legs, uniq_aizul,
          uniq_ilsuiw, uniq_roxanne
Shoals:3: layout_shoals, serial_shops, shop, uniq_polyphemus, uniq_louise,
          uniq_kirke
Shoals:4: shoals_end_grunt_ice, layout_shoals, shoals_ilsuiw_alternative
Spider:1: layout_spider_delve
Spider:2: layout_spider_delve, nicolae_spider_nook, uniq_arachne
Spider:3: layout_spider_delve, nicolae_orb_island, uniq_asterion
Spider:4: spider_rune_water, drop_trap, guppyfry_spider_mini_3
Orc:1:    layout_caves, uniq_urug, uniq_erolcha, uniq_maurice, uniq_fannar
Orc:2:    grunt_orc_gardens, layout_caves, grunt_orc_garden, grunt_orc_garden,
          grunt_orc_garden, grunt_orc_garden, serial_shops, nicolae_shop_stone
Vaults:1: grunt_vaults_bifocal, vaults_mumra_hex,
          vaults_standard_mumra_enter_the_diamond,
          vaults_mumra_minichess_inversion, v_misc_30, v_pattern_5,
          vaults_dpeg_encased_lava, vaults_room_semicircle,
          layout_vaults_omnigrid, serial_shops, nicolae_lakefront_shop
Vaults:2: v_rooms_2, st_lattice, nicolae_vaults_stairing_the_circle,
          ontoclasm_vaults_idyll, v_misc_8, v_misc_12, dpeg_vaults_monster_box,
          grunt_vaults_trifunnel, hangedman_vaults_stretched_pinwheel,
          vaults_room_fancy_cross, vaults_dpeg_hooks, layout_vaults_omnibox,
          uniq_jory, uniq_mennas

Skill      XL: |  1  2  3  4  5  6  7  8  9 10 11 12 13 14 15 16 17 18 19 |
---------------+----------------------------------------------------------+-----
Spellcasting   | 4 5 6 7 9 11 12 14 16 17 20 | 20.0
Conjurations   | 5 6 7 9 12 14 16 | 16.0
Hexes          | 1 4 5 7 9 12 13 14 | 14.0
Translocations | 2 5 7 |  7.0
Stealth        | 3 4 7 9 12 | 12.0
Fighting       | 1 4 5 7 8 9 |  9.0
Shields        | 2 4 |  4.0
Evocations     | 4 5 7 9 |  9.0
Necromancy     | 1 5 7 9 12 | 12.0
Dodging        | 3 7 9 |  9.0
Earth Magic    | 5 7 9 12 14 | 14.0
Fire Magic     | 7 9 12 13 14 | 14.0
Transmutations | 5 7 9 |  9.0
Summonings     | 5 |  5.0

Action                   |  1- 3 |  4- 6 |  7- 9 | 10-12 | 13-15 | 16-18 | 19-21 || total
-------------------------+-------+-------+-------+-------+-------+-------+-------++-------
Melee: Hunting sling     |       |       |       |     1 |     1 |       |       ||     2
       Staff             |       |       |       |       |     1 |     7 |       ||     8
 Fire: Hunting sling     |     2 |     7 |    49 |    99 |    28 |       |       ||   185
 Cast: Magic Dart        |    32 |     9 |    48 |    27 |     3 |       |       ||   119
       Searing Ray       |     7 |    13 |    72 |    78 |    20 |       |       ||   190
       Fulminant Prism   |       |       |    19 |    82 |    47 |    15 |     2 ||   165
       Iskenderun's Myst |       |       |     7 |    49 |    54 |   100 |    25 ||   235
       Borgnjor's Vile C |       |       |       |     2 |    11 |    17 |    10 ||    40
       Stone Arrow       |       |       |       |    50 |   142 |   188 |    15 ||   395
       Fireball          |       |       |       |       |   194 |   423 |    91 ||   708
       Iron Shot         |       |       |       |       |    97 |    63 |    26 ||   186
       Irradiate         |       |       |       |       |     6 |    11 |       ||    17
       Orb of Destructio |       |       |       |       |     2 |     5 |     2 ||     9
       Lee's Rapid Decon |       |       |       |       |       |       |     7 ||     7
Evoke: Wand              |       |       |       |       |     5 |    10 |     6 ||    21
       Condenser vane    |       |       |       |       |     1 |     2 |       ||     3
       Tin of tremorston |       |       |       |       |       |     2 |       ||     2
  Use: Scroll            |       |     4 |    10 |     8 |     4 |     6 |       ||    32
       Potion            |       |       |       |     1 |     1 |     7 |     2 ||    11
Armor: Robe              |     1 |       |    12 |    13 |    26 |    68 |     2 ||   122
       Steam dragon scal |       |       |       |    12 |       |       |       ||    12
Dodge: Dodged            |     4 |     5 |    37 |    49 |    61 |   121 |    22 ||   299
Block: Buckler           |       |       |       |    16 |    20 |    41 |     5 ||    82

Table legend: (Time is in decaauts)
 A = Elapsed time spent in this place.
 B = Non-inter-level travel time spent in this place.
 C = Inter-level travel time spent in this place.
 D = Time resting spent in this place.
 E = Time spent auto-exploring this place.
 F = Levels seen in this place.
 G = Mean time per level.
                   A        B        C        D        E       F      G
               +--------+--------+--------+--------+--------+-----+--------+
         Total |  60191 |  57071 |   3120 |  30645 |  18186 |  37 | 1626.8 |
       Dungeon |  20071 |  18994 |   1077 |   8583 |   8417 |  15 | 1338.1 |
        Temple |     91 |     53 |     38 |      0 |     45 |   1 |   91.0 |
          Lair |  13678 |  12260 |   1418 |   6289 |   4073 |   6 | 2279.7 |
        Shoals |   8429 |   8178 |    251 |   4894 |   1873 |   4 | 2107.2 |
   Spider Nest |   9130 |   8868 |    262 |   5961 |   1784 |   4 | 2282.5 |
  Orcish Mines |   2802 |   2763 |     39 |   1580 |    808 |   2 | 1401.0 |
        Vaults |   3269 |   3237 |     32 |   1910 |    961 |   2 | 1634.5 |
       Ossuary |    981 |    981 |      0 |    569 |      7 |   1 |  981.0 |
        Bailey |    855 |    855 |      0 |    464 |     38 |   1 |  855.0 |
      Gauntlet |    882 |    882 |      0 |    394 |    180 |   1 |  882.0 |
               +--------+--------+--------+--------+--------+-----+--------+

Top non-repeatable levels by time:
Spider:4: 3176 daAuts
  Lair:4: 3119 daAuts
Shoals:4: 2629 daAuts
Vaults:1: 2522 daAuts
  Lair:6: 2359 daAuts
  Lair:2: 2301 daAuts
Spider:3: 2284 daAuts
  Lair:1: 2229 daAuts
Shoals:2: 2108 daAuts
    D:10: 2032 daAuts
  Lair:5: 2016 daAuts
Spider:1: 1917 daAuts
Shoals:3: 1900 daAuts
Shoals:1: 1791 daAuts
Spider:2: 1752 daAuts
